 Dungeon Crawl Stone Soup version 0.31-a0-1321-g5021b54cb2 (webtiles) character file.

Game seed: 12633685423711267172

99 croobank the Changeling (level 4, 0/36 HPs)
             Began as a Demigod Shapeshifter on Dec 21, 2023.
             Slain by a sleepcap (5 damage)
             ... on level 5 of the Dungeon.
             The game lasted 00:05:01 (2261 turns).

croobank the Changeling (Demigod Shapeshifter)      Turns: 2261, Time: 00:05:01

Health: 0/36       AC:  3    Str: 15    XL:     4   Next: 22%
Magic:  6/6        EV:  2    Int: 16    God:
Gold:   189        SH:  0    Dex: 13    Spells: 3/3 levels left

rFire   . . .        b - +1 short sword (venom)
rCold   . . .        (no shield)
rNeg    . . .        o - +0 leather armour
rPois   .            (helmet currently unavailable)
rElec   .            (cloak currently unavailable)
rCorr   .            (gloves currently unavailable)
SInv    .            (boots currently unavailable)
Will    .....        (no amulet)
Stlth   +            (no ring)
HPRegen 0.26/turn    (no ring)
MPRegen 0.10/turn

%: no passive effects
@: beast-form, sleeping
A: beast (slay +1), high MP 1, forlorn, divine attributes
a: Begin Untransformation


You were on level 5 of the Dungeon.
You were a hulking beast.
You visited 1 branch of the dungeon, and saw 4 of its levels.

You collected 189 gold pieces.

Inventory:

Hand Weapons
 b - a +1 short sword of venom (weapon)
 g - a +0 dagger of electrocution
 k - a +0 dagger of protection
Armour
 a - a +0 animal skin
 o - a +0 leather armour (worn)
Jewellery
 e - a ring of resist corrosion
 l - a ring of magical power
Talismans
 c - a beast talisman
 d - a flux talisman
Scrolls
 h - a scroll of blinking
 i - a scroll of teleportation
 j - a scroll of torment {unknown}
 m - a scroll of fear {unknown}
 n - a scroll of vulnerability {unknown}


   Skills:
 + Level 2.0 Fighting
 * Level 1.2 Short Blades
 + Level 2.5 Dodging
 - Level 3.1 Unarmed Combat
 + Level 3.2 Shapeshifting


You had 3 spell levels left.
You didn't know any spells.
Your spell library contained the following spells:

 Spells                   Type           Power      Damage    Failure   Level
 Ensorcelled Hibernation  Hex/Ice        0%         N/A       43%         2
 Passwall                 Alch/Erth      0%         N/A       43%         2
 Summon Guardian Golem    Hex/Summ       0%         N/A       67%         3
 Swiftness                Air            0%         N/A       67%         3
 Orb of Destruction       Conj           0%         9d5       100%        7
 Spellforged Servitor     Conj/Summ      0%         N/A       100%        7


Dungeon Overview and Level Annotations

Branches:
Dungeon (3/15)             Temple (0/1) D:5

Annotations:
D:3 Jessica


Innate Abilities, Weirdness & Mutations

You are a hulking beast.
Your limbs bulge with bestial killing power. (Slay +1)
You have an increased reservoir of magic. (+10% MP)
You shall have no god before yourself.
Your divine heritage dramatically boosts your attributes as you level up.


Message History

h - a scroll of blinking
As you read the scroll of identify, it crumbles to dust.
i - a scroll of teleportation You hit the sleepcap.
The sleepcap is lightly damaged.
You hit the sleepcap but do no damage.
The sleepcap is lightly damaged.
The sleepcap misses you.
You hit the sleepcap but do no damage.
The sleepcap is lightly damaged.
The sleepcap releases spores at you but does no damage.
You hit the sleepcap.
The sleepcap is poisoned.
The sleepcap is moderately damaged.
The sleepcap releases spores at you.
You are engulfed in a cloud of soporific spores!
You fall asleep.
The sleepcap releases spores at you!!
You wake up.
Ouch! That really hurt!
You are engulfed in a cloud of soporific spores!
You are unaffected.
You hit the sleepcap.
The sleepcap is heavily damaged.
The sleepcap releases spores at you!
* * * LOW HITPOINT WARNING * * *
You hit the sleepcap but do no damage.
The sleepcap is heavily damaged.
The sleepcap releases spores at you.
* * * LOW HITPOINT WARNING * * *
You hit the sleepcap but do no damage.
The sleepcap is heavily damaged.
The sleepcap closely misses you.
You hit the sleepcap but do no damage.
The sleepcap is severely damaged.
The sleepcap releases spores at you.
* * * LOW HITPOINT WARNING * * *
You are engulfed in a cloud of soporific spores!
You fall asleep.
The sleepcap completely misses you. The sleepcap releases spores at you.
You die...

#........#
########.#
#.###
#...#
###.# #.#
#.# #.#
#h# #f#
#.# #.#
#.#
..f.....#
#########


You could see a sleepcap (poisoned).

Vanquished Creatures
  Terence (D:2)
  3 adders
  A dart slug (D:1)
  3 orcs (D:2)
  5 ball pythons
  3 endoplasms
  2 giant cockroaches
  2 hobgoblins
  3 jackals (D:1)
  A quokka (D:1)
  4 bats
  3 frilled lizards
  8 kobolds
  6 rats
45 creatures vanquished.

Notes
Turn   | Place    | Note
-------+----------+-------------------------------------------
     0 | D:1      | croobank the Demigod Shapeshifter began the quest for the
                  | Orb.
     0 | D:1      | Reached XP level 1. HP: 15/15 MP: 3/3
    53 | D:1      | Reached skill level 1 in Fighting
   300 | D:1      | Reached XP level 2. HP: 15/23 MP: 4/4
  1092 | D:2      | Reached XP level 3. HP: 28/28 MP: 5/5
  1889 | D:2      | Noticed Terence
  1907 | D:2      | Killed Terence
  1908 | D:2      | Reached skill level 1 in Short Blades
  1908 | D:2      | Reached XP level 4. HP: 27/36 MP: 6/6
  2157 | D:3      | Noticed Jessica
  2158 | D:3      | You fall into a shaft and drop 2 floors!
  2158 | D:5      | Entered Level 5 of the Dungeon
  2176 | D:5      | Found a staircase to the Ecumenical Temple.
  2261 | D:5      | Slain by a sleepcap

Illustrated notes

Levels and vault maps discovered:
D:1:      lordsloth_arrival_two_stooges, layout_basic
D:2:      layout_loops_ring, hellmonk_ecumenical_altar_defaced_shrine,
          uniq_terence
D:3:      layout_basic, uniq_jessica, uniq_pargi
D:5:      layout_loops_ring, nicolae_ashenzari_skybound,
          minmay_temple_entry_mini_moons

Skill      XL: |  1  2  3 |
---------------+----------+-----
Fighting       | 1 2 |  2.0
Dodging        | 2 |  2.5
Unarmed Combat | 3 |  3.1
Shapeshifting  | 3 |  3.2
Short Blades   | 1 |  1.2

Action                     |  1- 3 |  4- 6 || total
---------------------------+-------+-------++-------
  Melee: Unarmed           |    67 |       ||    67
         Short sword       |    41 |    10 ||    51
         Dagger            |    25 |       ||    25
         Punch             |     1 |       ||     1
    Use: Potion            |     3 |       ||     3
         Scroll            |       |     2 ||     2
   Stab: Sleeping          |     2 |     1 ||     3
 Armour: Animal skin       |    82 |       ||    82
         Skin              |     5 |       ||     5
         Leather armour    |       |     7 ||     7
  Dodge: Dodged            |    82 |     4 ||    86

Table legend: (Time is in decaauts)
 A = Elapsed time spent in this place.
 B = Non-inter-level travel time spent in this place.
 C = Inter-level travel time spent in this place.
 D = Time resting spent in this place.
 E = Time spent auto-exploring this place.
 F = Levels seen in this place.
 G = Mean time per level.
                   A        B        C        D        E       F      G
               +--------+--------+--------+--------+--------+-----+--------+
         Total |   2256 |   2198 |     58 |    349 |   1475 |   4 |  564.0 |
       Dungeon |   2256 |   2198 |     58 |    349 |   1475 |   4 |  564.0 |
               +--------+--------+--------+--------+--------+-----+--------+

Top non-repeatable levels by time:
     D:2: 1096 daAuts
     D:1: 1040 daAuts
     D:5: 102 daAuts
     D:3: 17 daAuts
